 Dungeon Crawl Stone Soup version 0.19-a0-1686-g35356ef (webtiles) character file.

1057 Azru the Cudgeler (level 8, -2/58 HPs)
             Began as a Mummy Fighter on Sept 25, 2016.
             Was an Initiate of Okawaru.
             Killed from afar by an orc wizard (10 damage)
             ... with a puff of flame
             ... on level 5 of the Dungeon.
             The game lasted 00:14:33 (6897 turns).

Azru the Cudgeler (Mummy Fighter)                   Turns: 6897, Time: 00:14:34

Health: -2/58      AC:  3    Str: 19    XL:     8   Next: 6%
Magic:  8/8        EV:  9    Int: 10    God:    Okawaru [......]
Gold:   200        SH:  9    Dex: 11    Spells: 0 memorised, 7 levels left

rFire  x . .     SeeInvis .     a - +0 flail
rCold  + . .     Gourm    .     n - +0 robe {MR+}
rNeg   + + +     Faith    .     c - +0 shield
rPois  ∞         Spirit   .     (no helmet)
rElec  .         Dismiss  .     (no cloak)
rCorr  +         Reflect  .     (no gloves)
MR     ++...     Harm     .     (no boots)
Stlth  +.........               (no amulet)
                                (no ring)
                                i - ring of resist corrosion

@: no status effects
A: no food or potions, fire vulnerability, cold resistance 1, negative energy
resistance 3, torment resistance, unbreathing
a: Renounce Religion


You were on level 5 of the Dungeon.
You worshipped Okawaru.
Okawaru was noncommittal.
You were not hungry.

You visited 1 branch of the dungeon, and saw 6 of its levels.

You collected 200 gold pieces.

Inventory:

Hand Weapons
 a - a +0 flail (weapon)
Armour
 b - a +0 scale mail
 c - a +0 shield (worn)
 n - a +0 robe of magic resistance (worn)
Jewellery
 e - an uncursed amulet of rage
 i - a ring of resist corrosion (left hand)
 j - an uncursed amulet of inaccuracy
Wands
 k - a wand of iceblast (3/15)
 p - a wand of flame (27/48)
Scrolls
 d - 3 scrolls of enchant weapon
 f - 4 scrolls of teleportation
 g - a scroll of enchant armour {unknown}
 h - 3 scrolls of identify
 l - a scroll of immolation {unknown}
 m - a scroll of blinking {unknown}
 o - a scroll of remove curse
 q - a scroll of fog {unknown}


   Skills:
 - Level 3.0 Fighting
 * Level 7.2 Maces & Flails
 - Level 2.4 Armour
 + Level 4.1 Shields
 + Level 0.0 Invocations


You had 7 spell levels left.
You didn't know any spells.

Dungeon Overview and Level Annotations

Branches:
Dungeon (6/15)
 Temple: D:4-7

Altars:
Cheibriados
Dithmenos
Fedhas
Okawaru
Vehumet
Xom

Shops:
D:5 }

Annotations:
D:3 Murumi's ghost, amateur FoFi; Sigmund


Innate Abilities, Weirdness & Mutations

You do not eat or drink.
Your flesh is vulnerable to fire.
You are immune to poison.
Your flesh is cold resistant. (rC+)
You are immune to negative energy. (rN+++)
You are immune to unholy pain and torment.
You can survive without breathing.


Message History

No target in view!
No target in view!
You miss something.
You hear some strange, mumbled words.
A puff of frost appears from out of thin air!
The puff of frost hits you! You resist.
You miss something. Something hits you.
* * * LOW HITPOINT WARNING * * *
You hear some strange, mumbled words.
A magic dart appears from out of thin air!
The magic dart hits you!
* * * LOW HITPOINT WARNING * * *
You miss something. You block something's attack. Something hits you.
* * * LOW HITPOINT WARNING * * *
You closely miss something. Something hits you but does no damage.
You barely miss something.
You hear some strange, mumbled words.
A puff of flame appears from out of thin air!
The puff of flame hits you! The fire burns you terribly!
You die...

#.##.#
#.#####.###.###.###.#
#)##.# #.......##.##
##.##.# #### #.##.#
######.....# #.....
)..# #.##.# #.###.##
##.##.# ##.###.##.#
#.####.###.....#
#.........#
#.........###..#
...##.#####
############# #..#
#..##.# #†........#
#..# ......##
#@#######.# #...
.#.#.#.#########{#
#.# ##.#
.#...##..........#
#.# #.#
.#.#.#.###########
#.# #.# ......## #.#
#.# #####.# #.# #.# #
#.# #.# #.. #.# #.#
##. #.##### #.# #.


There were no monsters in sight!

Vanquished Creatures
  2 phantoms
  A black bear (D:5)
  3 centaurs
  A howler monkey (D:4)
  A hound (D:4)
  2 jellies (D:5)
  A centaur skeleton (D:4)
  3 orc wizards
  Ijyb (D:2)
  2 iguanas
  3 worker ants
  6 adders
  2 oozes (D:2)
  An adder skeleton (D:5)
  3 worms
  3 dart slugs
  2 leopard geckos
  8 orcs
  8 bats
  5 giant cockroaches
  9 goblins
  11 hobgoblins
  7 jackals
  3 kobolds
  3 quokkas
  3 ball pythons
  6 frilled lizards
  10 rats
110 creatures vanquished.

Vanquished Creatures (others)
  An ogre (D:5)
  A howler monkey (D:5)
  A hound (D:5)
  An orc priest (D:5)
  An orc wizard (D:3)
  A worker ant (D:5)
  2 orcs (D:3)
8 creatures vanquished.

Grand Total: 118 creatures vanquished

Notes
Turn   | Place    | Note
-------+----------+-------------------------------------------
     0 | D:1      | Azru the Mummy Fighter began the quest for the Orb.
     0 | D:1      | Reached XP level 1. HP: 18/18 MP: 1/1
    76 | D:1      | Reached skill level 2 in Maces & Flails
   114 | D:1      | Reached XP level 2. HP: 24/24 MP: 2/2
   552 | D:2      | Reached XP level 3. HP: 29/29 MP: 3/3
   607 | D:2      | Reached skill level 3 in Maces & Flails
   724 | D:2      | Reached XP level 4. HP: 34/35 MP: 4/4
   760 | D:2      | Noticed Ijyb
   817 | D:2      | Killed Ijyb
   820 | D:2      | Reached skill level 4 in Maces & Flails
   931 | D:2      | Found a shadowy altar of Dithmenos.
  1190 | D:3      | Noticed Murumi's ghost (amateur FoFi)
  1642 | D:3      | Noticed Sigmund
  1649 | D:3      | Reached XP level 5. HP: 38/41 MP: 5/5
  1970 | D:3      | Found a radiant altar of Vehumet.
  2384 | D:4      | Found a blossoming altar of Fedhas.
  2384 | D:4      | Noticed a centaur
  2820 | D:3      | Reached skill level 5 in Maces & Flails
  3143 | D:4      | Noticed a phantom
  3202 | D:4      | Killed a phantom
  3202 | D:4      | Reached XP level 6. HP: 38/47 MP: 6/6
  3871 | D:4      | Reached skill level 6 in Maces & Flails
  3927 | D:4      | Reached XP level 7. HP: 34/52 MP: 7/7
  4635 | D:5      | Entered Level 5 of the Dungeon
  4667 | D:5      | HP: 2/52 [adder skeleton (3)]
  4974 | D:5      | Found a shimmering altar of Xom.
  5105 | D:5      | Found an iron altar of Okawaru.
  5110 | D:5      | Became a worshipper of Warmaster Okawaru
  5513 | D:5      | Found a snail-covered altar of Cheibriados.
  5667 | D:5      | Found Basch's Quality Used Wands.
  5786 | D:5      | Reached skill level 7 in Maces & Flails
  6126 | D:5      | Found a snail-covered altar of Cheibriados.
  6188 | D:5      | Reached * piety under Okawaru
  6188 | D:5      | Reached XP level 8. HP: 5/58 MP: 8/8
  6897 | D:5      | Killed from afar by an orc wizard

Vault maps used:
D:1:      dpeg_arrival_ratfight, serial_forest, infiniplex_forest_3_way,
          infiniplex_forest_lined_1, infiniplex_forest_end_1,
          infiniplex_forest_lined_3, infiniplex_forest_clump_small,
          infiniplex_forest_clump_small, infiniplex_forest_clump_double,
          infiniplex_forest_lined_corner, infiniplex_forest_straight_5
D:2:      nicolae_dithmenos_through_a_glass_darkly, uniq_iyjb
D:3:      fiery_altar_vehumet, serial_forest, infiniplex_forest_lined_3,
          infiniplex_forest_lined_3, infiniplex_forest_clump_long,
          infiniplex_forest_zigzag_1, kennysheep_decorative_pillar, uniq_sigmund
D:4:      fedhas_bush_and_centaur_altar, first_bread
D:5:      lemuel_doored_altar, cheibrodos_worm_habitat, xom_confusion_cloud,
          basic_altar, nicolae_for_you_no_charge

Skill      XL: |  1  2  3  4  5  6  7 |
---------------+----------------------+-----
Maces & Flails | 2 3 4 5 6 7 |  7.2
Shields        | 3 4 |  4.1
Fighting       | |  3.0
Armour         | |  2.4

Action                   |  1- 3 |  4- 6 |  7- 9 || total
-------------------------+-------+-------+-------++-------
Melee: Flail             |   113 |   279 |   156 ||   548
  Use: Scroll            |     3 |     1 |       ||     4
Armor: Scale mail        |    54 |   164 |       ||   218
       Robe              |       |     1 |    20 ||    21
Dodge: Dodged            |    36 |    87 |    47 ||   170
Block: Shield            |    61 |   144 |    61 ||   266
